 Dungeon Crawl Stone Soup version 0.31-a0-1178-gc5c9b8f871 (webtiles) character file.

Game seed: 13219302852298953945

168 qw the Shooter (level 5, 0/48 HPs)
             Began as a Gargoyle Hunter on Dec 11, 2023.
             Killed by divine providence
             ... invoked by an orc priest
              (13 damage)
             ... on level 3 of the Dungeon.
             The game lasted 00:00:48 (2034 turns).

qw the Shooter (Gargoyle Hunter)                    Turns: 2034, Time: 00:00:48

Health: 0/48       AC: 12    Str: 14    XL:     5   Next: 49%
Magic:  5/5        EV: 11    Int: 10    God:
Gold:   238        SH:  0    Dex: 15    Spells: 4/4 levels left

rFire   . . .        a - +0 shortbow
rCold   + . .        (shield currently unavailable)
rNeg    + . .        f - +0 ring mail
rPois   inf          (no helmet)
rElec   +            (no cloak)
rCorr   .            g - +2 pair of gloves
SInv    .            (no boots)
Will    .....        (no amulet) Stlth
                     h - ring of protection from cold
HPRegen 0.28/turn    j - +4 ring of slaying {mikee}
MPRegen 0.09/turn

%: no passive effects
@: berserking, very quick
A: sickness immunity, AC +4, negative energy resistance 1, electricity
resistance, torment resistance 1, petrification resistance
a: no special abilities


You were on level 3 of the Dungeon.
You visited 1 branch of the dungeon, and saw 3 of its levels.

You collected 238 gold pieces.


Innate Abilities, Weirdness & Mutations

You are immune to sickness and miasma.
Your stone body is resilient. (AC +4)
You are immune to poison.
You resist negative energy. (rN+)
You are resistant to electric shocks. (rElec)
You are resistant to unholy torment.
You are immune to petrification.


   Skills:
 + Level 3.1 Fighting
 - Level 6.0 Ranged Weapons
 - Level 1.3 Armour
 - Level 1.5 Dodging
 - Level 1.1 Stealth


You had 4 spell levels left.
You didn't know any spells.
Your spell library was empty.

Inventory:

Hand Weapons
 a - a +0 shortbow (weapon)
Armour
 f - a +0 ring mail (worn)
 g - a +2 pair of gloves (worn)
Jewellery
 h - a ring of protection from cold (left hand)
 j - a +4 ring of slaying (right hand) {mikee}
Scrolls
 c - a scroll of enchant weapon {unknown}
Potions
 b - a potion of berserk rage
 d - 2 potions of curing
 e - 2 potions of resistance
 i - a potion of mutation

Dungeon Overview and Level Annotations

Branches:
Dungeon (3/15)

Altars:
Sif Muna
Trog
Xom

Shops:
D:1 !


Message History

You shoot an arrow. The arrow barely misses the orc.
The orc hits you but does no damage.
You shoot an arrow. The arrow hits the orc.
The orc is moderately wounded.
The orc hits you but does no damage.
You shoot an arrow. The arrow hits the orc.
The orc is heavily wounded.
The orc closely misses you.
You shoot an arrow. The arrow closely misses the orc.
The orc barely misses you. The orc hits you but does no damage.
You shoot an arrow. The arrow hits the orc.
You kill the orc!
You shoot an arrow. The arrow hits the orc.
The orc is heavily wounded.
The orc hits you with a +1 flail of protection.
You shoot an arrow. The arrow closely misses the orc.
The orc hits you with a +0 whip.
The orc hits you with a +1 flail of protection!
You shoot an arrow. The arrow closely misses the orc.
The orc priest hits you but does no damage.
The orc misses you. The orc closely misses you.
You shoot an arrow. The arrow closely misses the orc.
The orc priest hits you but does no damage.
The orc misses you.
The orc hits you with a +1 flail of protection.
The orc priest hits you but does no damage.
The orc hits you with a +1 flail of protection.
The orc completely misses you.
You shoot an arrow. The arrow barely misses the orc.
The orc priest hits you from afar with a +0 trident.
The orc hits you with a +0 whip. The orc hits you but does no damage.
2032 ||| DRINKING 2 dark potions.
It was a potion of berserk rage.
A red film seems to cover your vision as you go berserk!
You feel yourself moving faster!
You feel mighty!
The orc priest hits you but does no damage.
The orc closely misses you. The orc hits you but does no damage.
You feel a strong urge to attack something.
The orc priest mumbles some strange prayers to Beogh against you.
Beogh smites you!
You die...

######.#...####.####
#......#...)...%#
#.######..#####.# #.#
#..# #.# ### #..# #.#
#. #..# #.## #...#####
#..###..... #._.oooo#
#..........
#@####...##.#.#
#....#...##.#.####
#####.##.#............
#.....##.#.#..###..##
###......)..)......###
#.####.###..####....
#.#...........##.###
#.#.##.##..........#
#.#.##.###.#######.#


You could see an orc priest and 3 orcs.

Vanquished Creatures
  A bullfrog (D:3)
  4 adders
  2 worms (D:2)
  A dart slug (D:2)
  6 orcs (D:3)
  5 ball pythons
  2 endoplasms (D:1)
  2 giant cockroaches
  3 goblins
  2 hobgoblins
  8 kobolds
  3 quokkas (D:2)
  4 bats
  11 frilled lizards
  4 rats
58 creatures vanquished.

Notes
Turn   | Place    | Note
-------+----------+-------------------------------------------
     0 | D:1      | qw the Gargoyle Hunter began the quest for the Orb.
     0 | D:1      | Reached XP level 1. HP: 12/12 MP: 1/1
     0 | D:1      | 0 ||| qw: Version: 0.3-a-106-g2cfff9e
     0 | D:1      | 0 ||| qw: Game counter: 1952
     0 | D:1      | 0 ||| qw: Melee chars always use a shield: true
     0 | D:1      | 0 ||| qw: God list: Okawaru
     0 | D:1      | 0 ||| qw: Allow faded altars: false
     0 | D:1      | 0 ||| qw: Do Orc after clearing Dungeon:15 true
     0 | D:1      | 0 ||| qw: Do second Lair branch before Depths: true
     0 | D:1      | 0 ||| qw: Lair rune preference: random
     0 | D:1      | 0 ||| qw: Goals: Normal, Save, Zot:1-4, Win
     0 | D:1      | 0 ||| PLANNING D:1-11
    89 | D:1      | Found Biuts's Distillery.
    97 | D:1      | 97 ||| SHOPLISTING potion of curing (39 gold, have 21).
    97 | D:1      | 97 ||| SHOPLISTING potion of enlightenment (65 gold, have
                  | 21).
    97 | D:1      | 97 ||| SHOPLISTING potion of haste (130 gold, have 21).
    97 | D:1      | 97 ||| SHOPLISTING potion of heal wounds (65 gold, have
                  | 21).
    97 | D:1      | 97 ||| SHOPLISTING potion of mutation (104 gold, have 21).
   269 | D:1      | Reached XP level 2. HP: 17/17 MP: 2/2
   674 | D:1      | 674 ||| UPGRADING to +0 ring mail.
   684 | D:1      | 684 ||| DROPPING +0 leather armour.
   685 | D:1      | 685 ||| UPGRADING to +0 pair of gloves.
   690 | D:1      | 690 ||| DRINKING 2 golden potions.
   691 | D:1      | 691 ||| DROPPING scroll of butterflies.
   728 | D:2      | Reached XP level 3. HP: 14/21 MP: 3/3
   772 | D:2      | Reached skill level 1 in Armour
   819 | D:2      | Reached skill level 5 in Ranged Weapons
  1054 | D:2      | Reached XP level 4. HP: 27/27 MP: 4/4
  1090 | D:2      | Reached skill level 3 in Fighting
  1530 | D:2      | 1530 ||| UPGRADING to ring of protection from cold.
  1531 | D:2      | 1531 ||| UPGRADING to +4 ring of slaying {mikee}.
  1532 | D:2      | 1532 ||| READING 2 scrolls labelled PYJUJA PO WOGH.
  1532 | D:2      | 1532 ||| ENCHANTING +0 pair of gloves.
  1533 | D:2      | 1533 ||| READING scroll of enchant armour.
  1533 | D:2      | 1533 ||| ENCHANTING +1 pair of gloves.
  1534 | D:2      | 1534 ||| READING scroll labelled KOTHRE JIYTECK.
  1534 | D:2      | 1534 ||| IDENTIFYING yellow potion
  1535 | D:2      | 1535 ||| READING scroll labelled VOLANU TIFRO.
  1636 | D:2      | 1636 ||| DRINKING 3 grey potions.
  1676 | D:3      | Found a shimmering altar of Xom.
  1791 | D:3      | Noticed a bullfrog
  1802 | D:3      | Killed a bullfrog
  1803 | D:3      | Reached skill level 6 in Ranged Weapons
  1803 | D:3      | Reached XP level 5. HP: 20/32 MP: 5/5
  1904 | D:3      | Found a bloodstained altar of Trog.
  2019 | D:3      | Found a shimmering blue altar of Sif Muna.
  2031 | D:3      | HP: 8/32 [orc/+0 whip (3)]
  2032 | D:3      | 2032 ||| DRINKING 2 dark potions.
  2034 | D:3      | Killed from afar by an orc priest

Levels and vault maps discovered:
D:1:      dpeg_arrival_round_c, layout_basic, serial_shops, shop,
          minmay_lizard_pond
D:2:      layout_basic
D:3:      layout_loops_ring, mainiacjoe_overflow_alcove_2,
          amcnicky_altar_gilded, mainiacjoe_overflow_six_doors_small,
          nicolae_overflow_hidden_temple

Skill      XL: |  1  2  3  4 |
---------------+-------------+-----
Armour         | 1 |  1.3
Ranged Weapons | 5 6 |  6.0
Fighting       | 3 |  3.1
Dodging        | |  1.5
Stealth        | |  1.1

Action                     |  1- 3 |  4- 6 || total
---------------------------+-------+-------++-------
   Fire: Shortbow          |   107 |    81 ||   188
    Use: Potion            |     1 |     2 ||     3
         Scroll            |       |     4 ||     4
 Armour: Leather armour    |     3 |       ||     3
         Ring mail         |    10 |    44 ||    54
  Dodge: Dodged            |    24 |    36 ||    60

Table legend:
 A = Non-vault XP
 B = Vault XP
 C = Vault XP percentage of total XP
 D = Non-vault monster count
 E = Vault monster count
 F = Vault count percentage of total count
                 A         B        C        D         E       F
            +---------+---------+-------+---------+---------+-------
      Total |     231 |      10 |   4.1 |      48 |      10 |  17.2
            +---------+---------+-------+---------+---------+-------
        D:1 |      21 |      10 |  32.3 |      12 |      10 |  45.5
        D:2 |      78 |       0 |   0.0 |      22 |       0 |   0.0
        D:3 |     132 |       0 |   0.0 |      14 |       0 |   0.0
            +---------+---------+-------+---------+---------+-------
